[Event "Titled Tuesday Blitz May 23 Late 2023"]
[White "Peatman, Carter"]
[Black "Ismayil, Malak"]
[WhiteFideId "2096480"]
[BlackFideId "13412604"]
[WhiteElo "2003"]
[BlackElo "1868"]
[Result "1/2-1/2"]
[Round "02"]
[TimeControl "180+2"]
[Date "2023.05.23"]
[WhiteClock "0:00:04"]
[BlackClock "0:00:11"]

1. d4 Nf6 2. Bf4 d5 3. e3 e6 4. Nf3 Be7 5. Ne5 O-O 6. Nd2 c5 7. c3 Nc6 8. Bd3 h6 9. h3 Nxe5 10. Bxe5 Nd7 11. Bg3 Qb6 12. Rb1 Bd6 13. f4 cxd4 14. exd4 Re8 15. Nf3 Nf8 16. O-O Bd7 17. Bc2 Bb5 18. Re1 Qc7 19. Qd2 Bc4 20. a4 Ba6 21. Ne5 Bxe5 22. fxe5 b5 23. Bh4 bxa4 24. Bxa4 Rec8 25. Bc2 Rab8 26. Re3 Ng6 27. Bf2 Qc4 28. Bd3 Qc6 29. Bc2 Qb5 30. Bd3 Qb6 31. Bc2 Qb5 32. Bd3 Qb6 33. Bxg6 fxg6 34. Rg3 g5 35. h4 gxh4 36. Rg6 Kh7 37. Rg4 Qb5 38. Bxh4 Qd3 39. Rd1 Qxd2 40. Rxd2 Bc4 41. Be7 Rb7 42. Bd6 Rf7 43. Rg3 Rf1+ 44. Kh2 Rc6 45. Rc2 Rb6 46. Bc5 Rb7 47. Bb4 Rb5 48. Rd2 a5 49. Bd6 Rb1 50. Ba3 Rf1 51. Rf3 Rxf3 52. gxf3 Kg6 53. Kg3 Kf5 54. Rh2 Rb7 55. Rh5+ Kg6 56. Rh4 Rf7 57. Rg4+ Kh7 58. Rf4 Rxf4 59. Kxf4 g5+ 60. Kg4 Kg6 61. Be7 h5+ 62. Kg3 Kf5 63. Bd8 a4 64. Be7 Be2 65. Bd6 h4+ 66. Kf2 Kf4 67. Kxe2 Kg3 68. Kf1 Kxf3 69. Be7 Kf4 70. Kf2 h3 71. Bf6 Kg4 72. Kg1 Kf4 73. Kh2 g4 74. Bh4 Kf3 75. Bg3 Ke3 76. Bh4 Kd3 77. Be7 Kc2 78. Ba3 Kd3 79. Be7 Kc2 80. Ba3 Kd3 81. Be7 1/2-1/2


[Site "https://www.chess.com"]

[Event "Titled Tuesday Blitz May 23 Late 2023"]
[White "Einarsson, Halldor Gretar"]
[Black "Perez, Maximiliano"]
[WhiteFideId "2300150"]
[BlackFideId "117234"]
[WhiteElo "2110"]
[BlackElo "2344"]
[Result "1-0"]
[Round "02"]
[TimeControl "180+2"]
[Date "2023.05.23"]
[WhiteClock "0:00:02"]
[BlackClock "0:00:02"]

1. d4 Nf6 2. c4 g6 3. f3 Bg7 4. e4 d6 5. Nc3 O-O 6. Be3 Nc6 7. Qd2 a6 8. Rc1 e5 9. Nge2 Nd7 10. d5 Ne7 11. g3 f5 12. Bh3 Nf6 13. O-O f4 14. Bxc8 Qxc8 15. gxf4 Nh5 16. fxe5 Bxe5 17. f4 Bg7 18. Rf2 Qg4+ 19. Rg2 Qh3 20. Rf1 Rf7 21. Ng3 Raf8 22. Nxh5 Qxh5 23. Ne2 Kh8 24. Nd4 Ng8 25. Ne6 Re8 26. Nxg7 Kxg7 27. Bd4+ Kf8 28. e5 Nh6 29. Rg5 Qh4 30. e6 Rf5 31. Rxf5+ Nxf5 32. Bf2 Qg4+ 33. Bg3 Nxg3 34. hxg3 Qxg3+ 35. Qg2 Qe3+ 36. Qf2 Qxf2+ 37. Rxf2 Ke7 38. f5 Rg8 39. f6+ Kf8 40. f7 Rh8 41. Kg2 Ke7 42. Kg3 h6 43. Kg4 c6 44. b3 Rf8 45. Rf3 Rh8 46. Rf2 c5 47. Rf3 Kf8 48. a3 Ke7 49. b4 b6 50. bxc5 dxc5 51. Rb3 Rb8 52. a4 Rb7 53. Kf4 Rb8 54. Ke5 Kf8 55. Kf6 Rb7 56. d6 1-0


[Site "https://www.chess.com"]

[Event "Titled Tuesday Blitz May 23 Late 2023"]
[White "Remolar Gallen, Jose"]
[Black "Doluhanova, Evgeniya"]
[WhiteFideId "2215187"]
[BlackFideId "14112035"]
[WhiteElo "2223"]
[BlackElo "2159"]
[Result "0-1"]
[Round "02"]
[TimeControl "180+2"]
[Date "2023.05.23"]
[WhiteClock "0:00:02"]
[BlackClock "0:00:11"]

1. d4 Nf6 2. Nf3 e6 3. e3 b6 4. Bd3 Bb7 5. O-O Be7 6. Nbd2 O-O 7. b3 d6 8. Bb2 Nbd7 9. Qe2 e5 10. dxe5 dxe5 11. Nxe5 Nxe5 12. Bxe5 Qd5 13. Nf3 Ne4 14. c4 Qc6 15. Bb2 Ng5 16. e4 Nxe4 17. Ne5 Nc3 18. Bxh7+ Kh8 19. Qg4 Ne2+ 20. Kh1 Qxg2+ 21. Qxg2 Bxg2+ 22. Kxg2 Kxh7 23. Kf3 Rfe8 24. Kxe2 Bd6 25. f4 f6 26. Rae1 fxe5 27. fxe5 Bxe5 28. Bxe5 Rxe5+ 29. Kd3 Rd8+ 30. Kc3 Rxe1 31. Rxe1 Rd7 32. b4 Rf7 33. Re2 c5 34. bxc5 bxc5 35. Kb3 Rb7+ 36. Kc3 Kg6 37. Re5 Rc7 38. Kd3 Kf6 39. Ke4 g5 40. h3 Kg6 41. a4 Kh5 42. Kd5 Kh4 43. Kd6 Rg7 44. Kxc5 Kxh3 45. Re3+ Kg2 46. Kd6 g4 47. c5 Kf2 48. Re7 Rg6+ 49. Re6 Rxe6+ 50. Kxe6 g3 51. c6 g2 52. c7 g1=Q 53. c8=Q Qg4+ 54. Ke7 Qxc8 0-1


[Site "https://www.chess.com"]

[Event "Titled Tuesday Blitz May 23 Late 2023"]
[White "Weinstein, Joshua Ross"]
[Black "Miszler, Levente"]
[WhiteFideId "30927714"]
[BlackFideId "763276"]
[WhiteElo "2318"]
[BlackElo "2176"]
[Result "1-0"]
[Round "02"]
[TimeControl "180+2"]
[Date "2023.05.23"]
[WhiteClock "0:00:12"]
[BlackClock "0:00:12"]

1. e4 c6 2. Nc3 d5 3. d4 dxe4 4. f3 Nf6 5. Nxe4 e5 6. dxe5 Qxd1+ 7. Kxd1 Nxe4 8. fxe4 Bg4+ 9. Be2 Bxe2+ 10. Kxe2 Nd7 11. Nf3 O-O-O 12. Bf4 Re8 13. Rad1 f6 14. Rhe1 fxe5 15. Bg3 Bc5 16. Ng5 Kc7 17. Rf1 h6 18. Rf7 Re7 19. Rxd7+ Rxd7 20. Ne6+ Kd6 21. Rxd7+ Kxd7 22. Nxc5+ Kd6 23. Nxb7+ Ke6 24. Nc5+ Kd6 25. Nd3 Rg8 26. Ke3 g5 27. Nxe5 Ke6 28. Nxc6 Rc8 29. Nd4+ Kd7 30. b3 Rc3+ 31. Kd2 Rc8 32. c4 Rf8 33. Nf5 h5 34. Bf2 Ke6 35. Bxa7 Ra8 36. Nd4+ Ke5 37. Nb5 Kxe4 38. c5 Kd5 39. b4 Kc4 40. a4 Kxb4 41. c6 Kxa4 42. Nc3+ Ka5 43. c7 Rc8 44. Bb8 Ka6 45. Nd5 Kb7 46. Ne7 Re8 47. c8=Q+ Rxc8 48. Nxc8 Kxb8 49. Ne7 Kc7 50. Ke3 Kd6 51. Nf5+ Ke5 52. Ng3 h4 53. Ne4 h3 54. gxh3 Kf5 55. Kf3 Kg6 56. Kg4 Kh6 57. Nxg5 Kg6 58. h4 Kh6 59. h5 Kg7 60. Kf5 Kh6 61. Kg4 Kg7 62. Ne6+ Kf6 63. Nf4 Kg7 64. Ng6 Kh6 65. h4 Kg7 66. Kg5 Kh7 67. h6 Kg8 68. Ne7+ Kf7 69. Nf5 Kg8 70. Ng3 Kf7 71. Nh5 Kg8 72. Nf6+ Kh8 73. Ng4 Kg8 74. Kg6 Kh8 75. Ne5 Kg8 76. Nf7 1-0


[Site "https://www.chess.com"]

[Event "Titled Tuesday Blitz May 23 Late 2023"]
[White "Sivakumar, Shaaketh"]
[Black "Vifleemskaia, Svetlana"]
[WhiteFideId "30940176"]
[BlackFideId "4129490"]
[WhiteElo "2174"]
[BlackElo "1930"]
[Result "1-0"]
[Round "02"]
[TimeControl "180+2"]
[Date "2023.05.23"]
[WhiteClock "0:00:49"]
[BlackClock "0:00:00"]

1. e4 e5 2. f4 d5 3. Nf3 dxe4 4. Nxe5 Nf6 5. Bc4 Be6 6. Bxe6 fxe6 7. Qe2 Bc5 8. Qb5+ Nbd7 9. Qxb7 O-O 10. Qc6 Qe7 11. Nc3 Nxe5 12. fxe5 Ng4 13. Nxe4 Bf2+ 14. Nxf2 Rxf2 15. Qxa8+ Rf8 16. Qxa7 Qh4+ 17. g3 Qh3 18. d3 Qg2 19. Qg1 Qxc2 20. Bf4 g5 21. Qd4 gxf4 22. gxf4 Nxh2 23. Qf2 1-0


[Site "https://www.chess.com"]

[Event "Titled Tuesday Blitz May 23 Late 2023"]
[White "Alahakoon, Isuru"]
[Black "Haszon, David"]
[WhiteFideId "9900993"]
[BlackFideId "733610"]
[WhiteElo "1953"]
[BlackElo "2210"]
[Result "0-1"]
[Round "02"]
[TimeControl "180+2"]
[Date "2023.05.23"]
[WhiteClock "0:00:00"]
[BlackClock "0:00:20"]

1. Nf3 Nf6 2. d4 e6 3. Nc3 c5 4. d5 d6 5. dxe6 Bxe6 6. e4 Nc6 7. Bb5 Qb6 8. a4 a6 9. a5 Qc7 10. Ba4 Bd7 11. Bg5 Be7 12. Bxf6 Bxf6 13. Nd5 Qxa5+ 14. c3 Qd8 15. O-O b5 16. Bc2 O-O 17. Re1 Bg4 18. h3 Bh5 19. Nf4 Bg6 20. Nxg6 hxg6 21. Qd2 Ne5 22. Nxe5 dxe5 23. Qe3 Qc7 24. Red1 a5 25. Rd5 Rfc8 26. Rad1 Ra7 27. g4 g5 28. h4 Qe7 29. h5 b4 30. Qf3 bxc3 31. bxc3 a4 32. Qf5 Qe6 33. Qf3 a3 34. Bb3 c4 35. Ba2 Qb6 36. R1d2 Rb7 37. Kg2 Qe6 38. Rd6 Qe8 39. Qf5 Rb2 40. h6 Rxd2 41. Rxd2 Qe6 42. Qxe6 fxe6 43. hxg7 Kxg7 44. Rd7+ Kf8 45. Ra7 Rb8 46. Rxa3 Rb2 47. Bxc4 Be7 48. Bd5 Bxa3 0-1


[Site "https://www.chess.com"]

[Event "Titled Tuesday Blitz May 23 Late 2023"]
[White "Sokolov, Andrei"]
[Black "Cooklev, Steven"]
[WhiteFideId "11600306"]
[BlackFideId "2050552"]
[WhiteElo "2473"]
[BlackElo "2306"]
[Result "0-1"]
[Round "02"]
[TimeControl "180+2"]
[Date "2023.05.23"]
[WhiteClock "0:00:06"]
[BlackClock "0:01:43"]

1. d4 Nf6 2. c4 e6 3. g3 d5 4. Bg2 dxc4 5. Nf3 Nc6 6. O-O Rb8 7. a4 b6 8. Na3 Ba6 9. Bg5 Be7 10. Ne5 Nxe5 11. dxe5 Nd5 12. Bxe7 Qxe7 13. Rc1 c3 14. Bxd5 exd5 15. Rxc3 O-O 16. Re1 Rbd8 17. Qc2 c5 18. b4 cxb4 19. Rc7 Qxe5 20. Nb5 b3 21. Qxb3 Bxb5 22. Qxb5 Qxc7 23. e4 Qc5 24. Qxc5 bxc5 25. e5 d4 26. f4 d3 27. Rd1 c4 28. Kf2 c3 29. Ke3 d2 30. Ke2 c2 31. Rxd2 c1=Q 32. Rxd8 Rxd8 33. Kf3 Qd1+ 34. Kg2 Rd2+ 35. Kh3 Qh5# 0-1


[Site "https://www.chess.com"]

[Event "Titled Tuesday Blitz May 23 Late 2023"]
[White "ThaBarWa"]
[Black "Moral Garcia, Serafin"]
[BlackFideId "2201925"]
[WhiteElo "2304"]
[BlackElo "2274"]
[Result "0-1"]
[Round "02"]
[TimeControl "180+2"]
[Date "2023.05.23"]
[WhiteClock "0:00:02"]
[BlackClock "0:00:20"]

1. d4 Nf6 2. c4 g6 3. Nc3 d5 4. cxd5 Nxd5 5. e4 Nxc3 6. bxc3 Bg7 7. Bb5+ c6 8. Ba4 b5 9. Bb3 Nd7 10. Nf3 O-O 11. O-O a5 12. Bg5 a4 13. Bc2 Nb6 14. e5 Be6 15. Be4 Bd5 16. Nd2 f6 17. exf6 exf6 18. Bf4 f5 19. Bd3 Re8 20. Nf3 Bxf3 21. Qxf3 Qd5 22. Qg3 Nc4 23. h4 Rad8 24. h5 Re6 25. Rfe1 Rde8 26. Rxe6 Rxe6 27. h6 Bf6 28. Bxc4 Qxc4 29. Be5 Bxe5 30. dxe5 f4 31. Qg5 Qd5 32. Re1 f3 33. gxf3 Qxf3 34. Re3 Qf5 35. Qd8+ Qf8 36. Qd7 Qe7 37. Qd4 Qg5+ 38. Kf1 Qe7 39. Qf4 g5 40. Qh2 Qd7 41. Qh5 Rg6 42. Kg2 Qe6 43. Kf1 Qxa2 44. Kg2 Qe6 45. Rf3 a3 46. Re3 a2 47. Qd1 Qd5+ 48. Qxd5+ cxd5 49. e6 Kf8 0-1


[Site "https://www.chess.com"]

[Event "Titled Tuesday Blitz May 23 Late 2023"]
[White "Machidon, Cristi"]
[Black "Rose, Felix"]
[WhiteFideId "13904590"]
[BlackFideId "5105722"]
[WhiteElo "2355"]
[BlackElo "2039"]
[Result "1/2-1/2"]
[Round "02"]
[TimeControl "180+2"]
[Date "2023.05.23"]
[WhiteClock "0:00:16"]
[BlackClock "0:00:15"]

1. e4 c5 2. Nf3 g6 3. c3 Bg7 4. d4 cxd4 5. cxd4 d5 6. e5 Nc6 7. h3 f6 8. Bb5 Bd7 9. Nc3 a6 10. Bxc6 Bxc6 11. O-O fxe5 12. dxe5 e6 13. Nd4 Qd7 14. Qg4 Kf7 15. Bg5 h6 16. Bh4 Bxe5 17. Rae1 Bf6 18. Nxe6 Bxh4 19. Qxh4 Nf6 20. Nd4 g5 21. Qg3 Rae8 22. Re5 Rxe5 23. Qxe5 Re8 24. Qg3 Ne4 25. Qf3+ Kg7 26. Re1 Qf7 27. Qxf7+ Kxf7 28. Nxe4 Rxe4 29. Rxe4 dxe4 30. Nxc6 bxc6 31. Kf1 Ke6 32. Ke2 Kd5 33. Ke3 c5 34. b3 a5 35. Ke2 Kd4 36. Kd2 h5 37. g3 g4 38. h4 c4 39. bxc4 Kxc4 40. Ke3 a4 41. Kxe4 Kc3 42. f3 gxf3 43. Kxf3 Kb2 44. g4 hxg4+ 45. Kxg4 Kxa2 46. h5 a3 47. h6 Kb1 48. h7 a2 49. h8=Q a1=Q 50. Qxa1+ Kxa1 1/2-1/2


[Site "https://www.chess.com"]

[Event "Titled Tuesday Blitz May 23 Late 2023"]
[White "Deviprasath, Sharvesh"]
[Black "Rodriguez Polo, Mateo"]
[WhiteFideId "30938228"]
[BlackFideId "24509396"]
[WhiteElo "2168"]
[BlackElo "2117"]
[Result "1-0"]
[Round "02"]
[TimeControl "180+2"]
[Date "2023.05.23"]
[WhiteClock "0:02:10"]
[BlackClock "0:01:50"]

1. c4 Nf6 2. Nf3 e6 3. Nc3 d5 4. e3 Be7 5. b3 b6 6. Bb2 Bb7 7. cxd5 exd5 8. d4 O-O 9. Bd3 Nbd7 10. O-O Re8 11. Ne5 c5 12. f4 Rc8 13. Qf3 Nf8 14. Bb5 N6d7 15. Qh5 g6 16. Qh3 a6 17. Bxd7 Nxd7 18. Qxd7 1-0


[Site "https://www.chess.com"]

[Event "Titled Tuesday Blitz May 23 Late 2023"]
[White "Della Corte, Alessandro"]
[Black "Ognean, Mihnea-Ionut"]
[WhiteFideId "813540"]
[BlackFideId "1232347"]
[WhiteElo "2205"]
[BlackElo "2215"]
[Result "0-1"]
[Round "02"]
[TimeControl "180+2"]
[Date "2023.05.23"]
[WhiteClock "0:01:15"]
[BlackClock "0:00:50"]

1. d4 Nf6 2. c4 e6 3. Nf3 c5 4. d5 d6 5. Nc3 exd5 6. cxd5 g6 7. h3 Bg7 8. e4 O-O 9. Bd3 Re8 10. O-O Na6 11. Re1 Nc7 12. Bf4 Rb8 13. Qd2 b5 14. Rad1 b4 15. Na4 a5 16. Bc2 Nh5 17. Bh2 Nb5 18. Nxc5 dxc5 19. Bxb8 Bxh3 20. gxh3 Qxb8 21. e5 Qd8 22. e6 Nd4 23. Nxd4 Bxd4 24. exf7+ Kxf7 25. Qh6 Nf6 26. d6 Kg8 27. Bb3+ Kh8 28. Bf7 Rxe1+ 29. Rxe1 Qxd6 30. Bxg6 Qg3+ 31. Kh1 Qf3+ 32. Kg1 Qxf2+ 33. Kh1 Qxe1+ 34. Kh2 Qg1# 0-1


[Site "https://www.chess.com"]

[Event "Titled Tuesday Blitz May 23 Late 2023"]
[White "Hajiyev, Kanan"]
[Black "Georg, Heinz"]
[WhiteFideId "13404148"]
[BlackFideId "4607295"]
[WhiteElo "2103"]
[BlackElo "2294"]
[Result "0-1"]
[Round "02"]
[TimeControl "180+2"]
[Date "2023.05.23"]
[WhiteClock "0:00:03"]
[BlackClock "0:01:03"]

1. d4 e6 2. c4 f5 3. g3 Nf6 4. Bg2 Be7 5. Nh3 O-O 6. O-O d6 7. b3 c6 8. Qc2 Qc7 9. Ba3 e5 10. dxe5 dxe5 11. Bxe7 Qxe7 12. Nc3 a5 13. Rad1 Na6 14. f4 e4 15. e3 Ng4 16. Qe2 Qc5 17. Rfe1 Nb4 18. Rd2 Nd3 19. Rxd3 exd3 20. Qxd3 Be6 21. Nf2 Rad8 22. Qe2 Nxf2 23. Kxf2 b5 24. Bf1 bxc4 25. bxc4 Rd7 26. Na4 Qb4 27. Rd1 Qxa4 28. Rxd7 Bxd7 29. Qd3 Be6 30. Qd6 Qc2+ 31. Be2 Bxc4 32. Qxc6 Qxe2+ 33. Kg1 Qf1# 0-1


[Site "https://www.chess.com"]

[Event "Titled Tuesday Blitz May 23 Late 2023"]
[White "Luxama, Jacques Muller"]
[Black "Koc, Przemyslaw"]
[WhiteFideId "11900113"]
[BlackFideId "1109081"]
[WhiteElo "1931"]
[BlackElo "2161"]
[Result "0-1"]
[Round "02"]
[TimeControl "180+2"]
[Date "2023.05.23"]
[WhiteClock "0:00:02"]
[BlackClock "0:00:40"]

1. d4 d6 2. Nf3 Nf6 3. c4 Nbd7 4. Nc3 e5 5. g3 g6 6. Bg2 Bg7 7. O-O O-O 8. e4 exd4 9. Nxd4 Re8 10. b3 Nc5 11. Re1 a5 12. Rb1 c6 13. a3 Ng4 14. h3 Ne5 15. Be3 a4 16. b4 Nb3 17. Nxb3 axb3 18. c5 dxc5 19. Bxc5 Nd3 20. Re3 Nxc5 21. bxc5 Rxa3 22. Rd3 Qe7 23. Rxb3 Rxb3 24. Qxb3 Be6 25. Qb4 b5 26. e5 Bxe5 27. Bxc6 Rc8 28. Qxb5 Bxh3 29. Nd5 Qa7 30. Re3 Bd4 31. Ne7+ Kg7 32. Nxc8 Qa1+ 33. Kh2 Bxc8 34. Re2 Qc1 35. Bd5 Bg4 36. Ra2 Bxc5 37. Qe8 Qh6+ 38. Kg2 Qh3+ 39. Kg1 Qxg3+ 40. Kf1 Qd3+ 41. Kg1 Qxd5 42. Ra8 Qd1+ 43. Kg2 Bf3+ 44. Kg3 Bd6+ 45. Kh4 Qh1+ 46. Kg5 h6# 0-1


[Site "https://www.chess.com"]

[Event "Titled Tuesday Blitz May 23 Late 2023"]
[White "Cruz Mendez, Jean Marco"]
[Black "Romero Ruscalleda, Josep"]
[WhiteFideId "3526402"]
[BlackFideId "2231859"]
[WhiteElo "2064"]
[BlackElo "2183"]
[Result "0-1"]
[Round "02"]
[TimeControl "180+2"]
[Date "2023.05.23"]
[WhiteClock "0:00:18"]
[BlackClock "0:01:34"]

1. e4 g6 2. d4 Bg7 3. Nc3 d6 4. f4 a6 5. Nf3 b5 6. Bd3 Bb7 7. O-O Nd7 8. Be3 Rc8 9. e5 Nh6 10. Qe1 O-O 11. f5 Bxf3 12. Rxf3 dxe5 13. Bxh6 Bxh6 14. Qh4 Bg7 15. Rh3 h6 16. fxg6 f5 17. dxe5 Nxe5 18. Be2 Nxg6 19. Qg3 Qd4+ 20. Kh1 Rf6 21. Rd1 Qf4 22. Qd3 Rd6 23. Nd5 Qe5 24. Qb3 e6 25. Re3 Qxb2 0-1


[Site "https://www.chess.com"]

[Event "Titled Tuesday Blitz May 23 Late 2023"]
[White "Kim, Sergey"]
[Black "Lalanne, Pablo"]
[WhiteFideId "13700570"]
[BlackFideId "112151"]
[WhiteElo "2492"]
[BlackElo "2120"]
[Result "0-1"]
[Round "02"]
[TimeControl "180+2"]
[Date "2023.05.23"]
[WhiteClock "0:02:14"]
[BlackClock "0:01:42"]

1. d4 d5 2. c4 e6 3. Nc3 c5 4. e3 Nf6 5. Nf3 Nc6 6. a3 a6 7. Bd3 Be7 8. O-O O-O 9. h3 cxd4 10. exd4 dxc4 11. Bxc4 b5 12. Ba2 b4 13. axb4 Nxb4 14. Bb1 Bb7 15. Ne5 Nbd5 16. Re1 Rc8 17. Bd2 Nb6 18. Bg5 Nbd5 19. Qd3 g6 20. Bh6 Re8 21. Qe2 Nxc3 22. bxc3 Rxc3 23. Nxf7 Qd5 24. f3 Kxf7 25. Ba2 Qxd4+ 26. Be3 Qxe3+ 27. Qxe3 Rxe3 28. Rxe3 Bd5 29. Bb1 Bc5 0-1


[Site "https://www.chess.com"]

[Event "Titled Tuesday Blitz May 23 Late 2023"]
[White "Le Goff, Ronan"]
[Black "Pace, Christopher"]
[WhiteFideId "612073"]
[BlackFideId "2610167"]
[WhiteElo "2275"]
[BlackElo "2274"]
[Result "0-1"]
[Round "02"]
[TimeControl "180+2"]
[Date "2023.05.23"]
[WhiteClock "0:02:17"]
[BlackClock "0:00:21"]

1. d4 Nf6 2. Nf3 g6 3. Nbd2 d5 4. e3 Bg7 5. Be2 O-O 6. O-O c5 7. dxc5 Qc7 8. a3 Qxc5 9. b4 Qc7 10. Bb2 Nbd7 11. c4 e5 12. Rc1 d4 13. exd4 e4 14. Ne5 Nxe5 15. dxe5 Nd7 16. Nxe4 Nxe5 17. Kh1 Ng4 18. Bxg7 Qxh2# 0-1


[Site "https://www.chess.com"]

[Event "Titled Tuesday Blitz May 23 Late 2023"]
[White "Blitz"]
[Black "Magallanes, Rey Jomar"]
[BlackFideId "5205948"]
[WhiteElo "2486"]
[BlackElo "2270"]
[Result "0-1"]
[Round "02"]
[TimeControl "180+2"]
[Date "2023.05.23"]
[WhiteClock "0:00:08"]
[BlackClock "0:00:33"]

1. d4 d5 2. Nc3 Nf6 3. Bf4 e6 4. Nb5 Na6 5. e3 c6 6. Nc3 Nc7 7. Bd3 Bd6 8. Qf3 O-O 9. g4 Bxf4 10. Qxf4 Qe7 11. h4 Re8 12. Nf3 c5 13. h5 cxd4 14. exd4 Nxg4 15. Qxg4 e5 16. Qg5 e4 17. O-O-O exd3 18. Rxd3 Qxg5+ 19. Nxg5 Bf5 20. Rf3 g6 21. hxg6 Bxg6 22. Rg1 Kf8 23. Kd2 Rad8 24. Nh3 Ne6 25. Ne2 Be4 26. Rfg3 Ke7 27. Nef4 Nxd4 28. Re1 Kd6 29. Ng5 Re7 30. f3 Bxc2 31. Rxe7 Kxe7 32. Kc3 Nf5 33. Rh3 h6 34. Nxf7 Rc8+ 35. Kd2 Kxf7 36. Nxd5 Rd8 37. Kxc2 Rxd5 38. Rh5 Ne3+ 0-1


[Site "https://www.chess.com"]

[Event "Titled Tuesday Blitz May 23 Late 2023"]
[White "Harish, Neeraj"]
[Black "Petrovic, Aleksa"]
[WhiteFideId "30958130"]
[BlackFideId "967629"]
[WhiteElo "1879"]
[BlackElo "2309"]
[Result "1/2-1/2"]
[Round "02"]
[TimeControl "180+2"]
[Date "2023.05.23"]
[WhiteClock "0:00:04"]
[BlackClock "0:00:54"]

1. e4 d5 2. exd5 Qxd5 3. Nc3 Qe5+ 4. Be2 Bg4 5. d4 Bxe2 6. Ngxe2 Qa5 7. O-O c6 8. Bf4 e6 9. Ne4 Qd8 10. c4 Nf6 11. N2c3 Nxe4 12. Nxe4 Be7 13. c5 O-O 14. Bd6 Nd7 15. b4 Nf6 16. Nxf6+ gxf6 17. Bxe7 Qxe7 18. a4 Rad8 19. Ra3 Kh8 20. Rh3 Rg8 21. b5 f5 22. bxc6 bxc6 23. Qe2 Qf6 24. Qf3 Rd5 25. Rd1 Qg7 26. Rg3 Qf6 27. Rxg8+ Kxg8 28. Qg3+ Kh8 29. Qf4 e5 30. Qg3 Rxd4 31. Rxd4 exd4 32. Qb8+ Kg7 33. h3 d3 34. Qg3+ Kf8 35. Qxd3 Qa1+ 36. Kh2 Qe5+ 37. g3 Qxc5 38. Qd8+ Kg7 39. Qg5+ Kh8 40. Qd8+ Kg7 41. Qg5+ Kf8 42. Qd8+ Kg7 1/2-1/2


[Site "https://www.chess.com"]

[Event "Titled Tuesday Blitz May 23 Late 2023"]
[White "Eynullayev, Atilla"]
[Black "Wang, Alexander J"]
[WhiteFideId "13413570"]
[BlackFideId "30955270"]
[WhiteElo "2181"]
[BlackElo "2264"]
[Result "0-1"]
[Round "02"]
[TimeControl "180+2"]
[Date "2023.05.23"]
[WhiteClock "0:01:14"]
[BlackClock "0:02:28"]

1. d4 d5 2. c4 e6 3. Nc3 c5 4. cxd5 exd5 5. dxc5 d4 6. Ne4 Bf5 7. Ng3 Bg6 8. Nf3 Bxc5 9. h4 h5 10. Bg5 Nf6 11. e3 Bb4+ 12. Nd2 dxe3 13. Bxe3 O-O 14. Bc4 Ng4 15. Bg5 Re8+ 16. Kf1 Qd4 0-1


[Site "https://www.chess.com"]

[Event "Titled Tuesday Blitz May 23 Late 2023"]
[White "Simonovic, Miroslav"]
[Black "Guliev, Logman"]
[WhiteFideId "919152"]
[BlackFideId "13400061"]
[WhiteElo "2042"]
[BlackElo "2128"]
[Result "1-0"]
[Round "02"]
[TimeControl "180+2"]
[Date "2023.05.23"]
[WhiteClock "0:01:10"]
[BlackClock "0:01:18"]

1. d4 Nf6 2. Bg5 d5 3. Bxf6 exf6 4. e3 g6 5. c4 dxc4 6. Bxc4 Bg7 7. Nc3 O-O 8. Nge2 f5 9. g3 Nd7 10. Bd5 c6 11. Bf3 Nf6 12. O-O Re8 13. Qc2 Qe7 14. a3 h5 15. h4 Bh6 16. Nf4 Bxf4 17. exf4 Be6 18. b4 Rad8 19. Rad1 Nd5 20. Rfe1 Qf6 21. Nxd5 Bxd5 22. Rxe8+ Rxe8 23. Bxd5 cxd5 24. Qc5 Qe6 25. Qxa7 Qe2 26. Rf1 Qd3 27. Qxb7 Qxd4 28. Qd7 Re2 29. Qd6 Ra2 30. Qb8+ Kg7 31. Qe5+ Qxe5 32. fxe5 Rxa3 33. Rd1 Rb3 34. Rd4 Rxb4 35. Rxb4 1-0


[Site "https://www.chess.com"]

[Event "Titled Tuesday Blitz May 23 Late 2023"]
[White "Przybylski, Wojciech"]
[Black "lluiss"]
[WhiteFideId "1117599"]
[WhiteElo "2222"]
[BlackElo "2258"]
[Result "0-1"]
[Round "02"]
[TimeControl "180+2"]
[Date "2023.05.23"]
[WhiteClock "0:00:22"]
[BlackClock "0:00:14"]

1. d4 Nf6 2. c4 g6 3. Nc3 d5 4. g3 Bg7 5. Bg2 c6 6. Nf3 O-O 7. O-O dxc4 8. a4 Na6 9. e4 Nb4 10. h3 Nd3 11. Qc2 Nxc1 12. Raxc1 a6 13. Rfe1 b5 14. Rcd1 Qb6 15. e5 Nd5 16. Ng5 Nb4 17. Qe2 Nd3 18. Rf1 Rb8 19. axb5 axb5 20. d5 cxd5 21. Nxd5 Qa7 22. e6 f6 23. Nf3 Re8 24. b3 Qc5 25. Nd2 Bb7 26. Ne4 Qxd5 27. Nxf6+ Bxf6 28. Bxd5 Bxd5 29. Rxd3 cxd3 30. Qxd3 Bxe6 31. Re1 Bf7 32. h4 Red8 33. Qe3 Rbc8 34. b4 Rc3 35. Qb6 Rd2 36. h5 gxh5 37. Qxb5 Rcc2 38. Qf5 Rxf2 39. Qxf2 Rxf2 40. Kxf2 h4 41. b5 hxg3+ 42. Kxg3 Bd4 43. Rd1 Bc5 44. Kg4 Kg7 45. Rc1 Bb6 46. Rc6 Bd4 47. Rc7 h5+ 48. Kf4 Kf6 49. b6 Be5+ 50. Ke4 Bxc7 51. bxc7 Be6 52. Kd4 Bc8 53. Kd5 h4 54. Ke4 h3 55. Kf3 Ke6 56. Kg3 Kd6 57. Kh2 Kxc7 58. Kg3 Kd6 59. Kf2 Ke6 60. Kf3 Kf6 61. Kf4 e5+ 62. Kg3 Kf5 63. Kf3 Kg5 64. Kf2 e4 65. Kg3 Kf5 66. Kf2 Ke5 67. Ke3 Be6 68. Kf2 Bd5 69. Kg3 Kd4 70. Kxh3 e3 71. Kg3 Kd3 72. Kh3 e2 73. Kh2 Kd2 74. Kg3 e1=Q+ 75. Kf4 Qe3+ 76. Kf5 Qe4+ 77. Kg5 Kd3 78. Kf6 Kd4 0-1


[Site "https://www.chess.com"]

[Event "Titled Tuesday Blitz May 23 Late 2023"]
[White "Toropov, Pavel"]
[Black "SalihEke"]
[WhiteFideId "24129178"]
[WhiteElo "2182"]
[BlackElo "2255"]
[Result "1-0"]
[Round "02"]
[TimeControl "180+2"]
[Date "2023.05.23"]
[WhiteClock "0:00:15"]
[BlackClock "0:00:00"]

1. e4 c5 2. Nf3 d6 3. Bb5+ Nc6 4. d4 cxd4 5. Qxd4 Bd7 6. Bxc6 Bxc6 7. Nc3 Nf6 8. O-O g6 9. e5 dxe5 10. Qxd8+ Rxd8 11. Nxe5 Bg7 12. Nxc6 bxc6 13. Be3 Nd5 14. Nxd5 cxd5 15. Bd2 Bxb2 16. Rab1 Bf6 17. Rb7 O-O 18. Rxa7 Ra8 19. Rd7 Rfb8 20. Rxd5 Rxa2 21. Rc5 Bd4 22. Rc4 e5 23. Bh6 f5 24. g3 Rbb2 25. Rc1 Kf7 26. Rc7+ Ke6 27. Kg2 Kd6 28. Rc8 Kd7 29. Rc4 Rb6 30. Rd1 Rc6 31. Rxc6 Kxc6 32. Rd2 Kc5 33. Kf3 Kc4 34. Be3 Ra3 35. Ke2 Bxe3 36. fxe3 Ra2 37. Kf3 g5 38. g4 f4 39. exf4 exf4 40. Ke4 h6 41. Kf5 Kc3 42. Rd6 Rxc2 43. h4 f3 44. hxg5 f2 45. Rd1 hxg5 46. Kxg5 Re2 47. Rf1 Kd3 48. Kh6 1-0


[Site "https://www.chess.com"]

[Event "Titled Tuesday Blitz May 23 Late 2023"]
[White "Lee, Addison"]
[Black "Dragomirescu, Robin-Alexandru"]
[WhiteFideId "30924570"]
[BlackFideId "1213849"]
[WhiteElo "2253"]
[BlackElo "2356"]
[Result "0-1"]
[Round "02"]
[TimeControl "180+2"]
[Date "2023.05.23"]
[WhiteClock "0:00:23"]
[BlackClock "0:00:11"]

1. Nf3 Nc6 2. d4 d5 3. c4 Bg4 4. cxd5 Bxf3 5. dxc6 Bxc6 6. Nc3 Nf6 7. Bf4 e6 8. e3 Bd6 9. Bg3 Qe7 10. Qb3 O-O 11. f3 Nd5 12. Kf2 Nxc3 13. bxc3 b5 14. Bd3 e5 15. d5 Bd7 16. c4 bxc4 17. Qxc4 f5 18. Ke2 e4 19. fxe4 Rae8 20. e5 Bxe5 21. d6+ Qf7 22. Bxe5 Rxe5 23. Qxf7+ Kxf7 24. dxc7 f4 25. Rhf1 Ke7 26. Rae1 Rxe3+ 27. Kd2 Rxe1 28. Rxe1+ Kd6 29. Bxh7 Rh8 30. Be4 Kxc7 31. Kd3 Rxh2 32. Kd4 Kd6 33. Rb1 Rh5 34. Rb7 Ra5 35. Rb8 Rxa2 36. Rg8 Ra4+ 37. Kd3 Bb5+ 0-1


[Site "https://www.chess.com"]